 Dungeon Crawl Stone Soup version 0.28.0-49-g6dfe1f597d (webtiles) character file.

Game seed: 17864078570753587149

4 Exodus22XD the Sneak (level 1, 0/10 HPs)
             Began as a Kobold Enchanter on May 15, 2022.
             Slain by a kobold
             ... wielding a +0 club
              (4 damage)
             ... on level 1 of the Dungeon.
             The game lasted 00:00:10 (322 turns).

Exodus22XD the Sneak (Kobold Enchanter)              Turns: 322, Time: 00:00:11

Health: 0/10       AC:  2    Str:  5    XL:     1   Next: 77%
Magic:  3/3        EV: 15    Int: 16    God:
Gold:   13         SH:  0    Dex: 15    Spells: 4/4 levels left

rFire   . . .      SeeInvis .   a - +1 dagger
rCold   . . .      Faith    .   (no shield)
rNeg    . . .      Spirit   .   b - +0 robe
rPois   .          Reflect  .   (no helmet)
rElec   .          Harm     .   (no cloak)
rCorr   .          Rampage  .   (no gloves)
Will    .....                   (no boots)
Stlth   ++++......              (no amulet)
HPRegen 0.03/turn               (no ring)
MPRegen 0.08/turn               (no ring)

@: no status effects
A: small, no large weapons, nightstalker 3
a: no special abilities


You were on level 1 of the Dungeon.
You visited 1 branch of the dungeon, and saw 1 of its levels.

You collected 13 gold pieces.

Inventory:

Hand Weapons
 a - a +1 dagger (weapon)
Armour
 b - a +0 robe (worn)
Potions
 c - a potion of invisibility


   Skills:
 - Level 1.3 Short Blades
 - Level 2.4 Dodging
 + Level 4.5 Stealth
 - Level 2.1 Spellcasting
 - Level 3.0 Hexes


You had 4 spell levels left.
You didn't know any spells.
Your spell library contained the following spells:

 Spells                   Type           Power      Damage    Failure   Level
 Ensorcelled Hibernation  Hex/Ice        12%        N/A       17%         2
 Confusing Touch          Hex            11%        N/A       19%         3
 Tukima's Dance           Hex            11%        N/A       19%         3
 Dazzling Flash           Conj/Hex       12%        N/A       32%         3


Dungeon Overview and Level Annotations

Branches:
Dungeon (1/15)

Altars:


Innate Abilities, Weirdness & Mutations

You are small and have problems with some larger weapons.
You are completely attuned to the shadows.


Message History

You kill the goblin!
Things that are here:
a +0 club; a goblin corpse No target in view!
A quokka comes into view.
A quokka is nearby!
A quokka is nearby!
The helpless quokka fails to defend itself.
You impale the quokka!!
You kill the quokka!
You see here a quokka corpse.
A hobgoblin comes into view.
The hobgoblin shouts!
You hear an angry hiss.
You hear a shout!
You completely miss the hobgoblin.
A kobold comes into view. It is wielding a +0 club.
The hobgoblin barely misses you.
There are monsters nearby!
You barely miss the hobgoblin. The hobgoblin hits you.
There are monsters nearby!
You hit the hobgoblin but do no damage. The hobgoblin misses you.
You barely miss the hobgoblin.
The hobgoblin hits you but does no damage.
You hit the hobgoblin.
The hobgoblin is lightly wounded.
The kobold closely misses you.
You hit the hobgoblin.
The hobgoblin is heavily wounded.
The hobgoblin hits you but does no damage.
The kobold misses you.
You hit the hobgoblin.
The hobgoblin is almost dead.
The hobgoblin hits you.
You are too injured to fight recklessly!
You are too injured to fight recklessly!
You are too injured to fight recklessly!
You barely miss the kobold. The kobold barely misses you.
You hit the kobold.
The kobold is moderately wounded.
The kobold hits you with a +0 club.
You die...

..... ..... .....
......# ...#.
#.....#. ...#.
.#.......
..........#
.#...... #Kg.....#
#.....#.
##@....#.###.....#.
#......#.....#..##.
#..................
#.#...[#.#...#.###.
#......#.#...#.###.
#...(...........>..
#................#.
#.....##.##........
#.........#........


You could see a hobgoblin and a kobold.

Vanquished Creatures
  A goblin (D:1)
  2 quokkas (D:1)
  A rat (D:1)
4 creatures vanquished.

Notes
Turn   | Place    | Note
-------+----------+-------------------------------------------
     0 | D:1      | Exodus22XD the Kobold Enchanter began the quest for the
                  | Orb.
     0 | D:1      | Reached XP level 1. HP: 10/10 MP: 3/3
   322 | D:1      | Slain by a kobold

Illustrated notes

Levels and vault maps discovered:
D:1:      dpeg_arrival_boxes_within_box, layout_basic, basic_ecumenical_altar,
          st_stairs_8, chequers_serial_rivers_micro_e, minmay_misc_feat_rows,
          nrook_mini_backslash, chequers_avenue, chequers_serial_rivers_micro_e,
          grunt_decor_one_mirror

Action                   || total
-------------------------++-------
Melee: Dagger            ||    20
 Stab: Sleeping          ||     2
Armor: Robe              ||     2
Dodge: Dodged            ||    11
